 Dungeon Crawl Stone Soup version 0.32-a0-996-gb3226c233f (console) character file.

Game seed: 15867186698477329990

56 jSlice the Conjurer (level 3, -1/26 HPs)
             Began as a Mountain Dwarf Conjurer on Apr 23, 2024.
             Slain by a ribbon worm (3 damage)
             ... on level 2 of the Dungeon.
             The game lasted 00:06:05 (1728 turns).

jSlice the Conjurer (Mountain Dwarf Conjurer)       Turns: 1728, Time: 00:06:06

Health: -1/26      AC: 14    Str:  9    XL:     3   Next: 69%
Magic:  0/6        EV:  0    Int: 20    God:
Gold:   90         SH:  0    Dex:  8    Spells: 3/6 levels left

rFire   . . .        h - +0 dagger
rCold   + . .        (no shield)
rNeg    . . .        p - +4 plate armour
rPois   .            (no helmet)
rElec   .            (no cloak)
rCorr   .            (no gloves)
SInv    .            (no boots)
Will    .....        (no amulet) Stlth
                     g - ring of protection from cold
HPRegen 0.24/turn    (no ring)
MPRegen 0.10/turn

%: no passive effects
@: no status effects
A: runic magic, artefact enchanting
a: no special abilities


You were on level 2 of the Dungeon.
You visited 1 branch of the dungeon, and saw 2 of its levels.

You collected 90 gold pieces.

Inventory:

Hand Weapons
 h - a +0 dagger (weapon)
Missiles
 j - a throwing net
Armour
 a - a +0 robe
 c - a +0 scale mail
 p - a +4 plate armour (worn)
Jewellery
 g - a ring of protection from cold (left hand)
Scrolls
 d - 3 scrolls of identify {unknown}
 m - a scroll of revelation {unknown}
 o - a scroll of torment {unknown}
Potions
 b - a potion of magic
 e - a potion of invisibility {unknown}
 f - 2 potions of curing {unknown}
 i - a potion of haste {unknown}
 k - a potion of cancellation {unknown}
 l - a potion of berserk rage {unknown}
 n - a potion of resistance {unknown}


   Skills:
 + Level 1.7 Armour
 - Level 2.0 Dodging
 - Level 1.4 Stealth
 - Level 2.0 Spellcasting
 * Level 4.0 Conjurations
 - Level 1.2 Fire Magic


You had 3 spell levels left.
You knew the following spells:

 Your Spells              Type           Power      Damage    Failure   Level
a - Magic Dart            Conj           72%        1d6       16%         1
b - Searing Ray           Conj           36%        2d5       24%         2

Your spell library contained the following spells:

 Spells                   Type           Power      Damage    Failure   Level
 Necrotise                Necr           8%         1d4       63%         1
 Mercury Vapours          Alch/Air       4%         N/A       77%         2
 Flame Wave               Conj/Fire      12%        2d6       96%         4
 Fulminant Prism          Conj/Alch      5%         3d6       98%         4
 Iskenderun's Mystic Bla Conj/Tloc 10%            2d4        (+2d2     98%         4
 Sticky Flame             Fire/Alch      4%         2d4       100%        4
 Ignition                 Fire           3%         3d4       100%        8


Dungeon Overview and Level Annotations

Branches:
Dungeon (2/15)

Altars:


Innate Abilities, Weirdness & Mutations

Your spellcasting is much less encumbered by armour.
You can use scrolls of enchantment on lesser artefacts.


Message History

* * * LOW HITPOINT WARNING * * *
Casting: Magic Dart (safe; 16% risk of failure)
Confirm with . or Enter, or press ? or * to list all spells.
Aiming: Magic Dart (safe; 16% risk of failure)
Press: ? - help, Shift-Dir - straight line, f/p - ribbon worm
Aim: a ribbon worm (heavily wounded, 100% to hit)
The magic dart hits the ribbon worm.
The ribbon worm is severely wounded.
The bat hits you but does no damage.
You hit the ribbon worm.
The ribbon worm is almost dead.
The bat hits you but does no damage.
The ribbon worm bites you but does no damage.
You hit the ribbon worm.
The ribbon worm is almost dead.
The bat hits you but does no damage. The ribbon worm bites you.
* * * LOW HITPOINT WARNING * * *
You hit the ribbon worm.
The ribbon worm is almost dead.
The bat hits you but does no damage.
The ribbon worm expels a string of sticky webbing.
The stream of webbing hits you but does no damage.
You are caught in a web!
Casting: Magic Dart (safe; 16% risk of failure)
Confirm with . or Enter, or press ? or * to list all spells.
You don't have enough magic to cast this spell.
Unknown command.
The web tears apart.
The bat hits you but does no damage.
The ribbon worm bites you but does no damage.
Casting: Magic Dart (safe; 16% risk of failure)
Confirm with . or Enter, or press ? or * to list all spells.
You don't have enough magic to cast this spell.
Unknown command.
You hit the ribbon worm but do no damage.
The ribbon worm is almost dead.
The bat hits you but does no damage.
You hit the ribbon worm.
The ribbon worm is almost dead.
The ribbon worm bites you.
You die...

........########.##.)....#
.................##...†...
.........##########...)...
.........# ##...###......#
########.###.....#########
#.##.......#
########..#.......#
........#.........#
........##.#.....##
.........#).....>.#.. #
.......†w@b.........#
####...###..........
###..b........###
###>.#.....## ##w.#....#
#.......# #.....###
#.......##.# #........ ...
#......... ....
!.#.###..$. ...


You could see a ribbon worm and a bat.

Vanquished Creatures
  2 adders (D:2)
  A dart slug (D:1)
  4 endoplasms (D:1)
  A giant cockroach (D:1)
  4 goblins
  2 hobgoblins (D:1)
  A quokka (D:1)
  5 ball pythons
  6 bats
  2 frilled lizards (D:1)
  6 kobolds
  2 rats (D:1)
36 creatures vanquished.

Notes
Turn   | Place    | Note
-------+----------+-------------------------------------------
     0 | D:1      | jSlice the Mountain Dwarf Conjurer began the quest for the
                  | Orb.
     0 | D:1      | Reached XP level 1. HP: 14/14 MP: 3/3
   132 | D:1      | Found a faded altar of an unknown god.
   135 | D:1      | Got Plato's Lectures on Mortality
   314 | D:1      | Reached XP level 2. HP: 20/20 MP: 0/5
   501 | D:1      | Learned a level 2 spell: Searing Ray
  1337 | D:2      | Reached skill level 1 in Armour
  1360 | D:2      | Reached skill level 4 in Conjurations
  1360 | D:2      | Reached XP level 3. HP: 25/26 MP: 0/6
  1423 | D:2      | Got Woowuur's Volume of Blazing Composition
  1567 | D:2      | Reached skill level 1 in Fire Magic
  1724 | D:2      | HP: 1/26 [ribbon worm (4)]
  1728 | D:2      | Slain by a ribbon worm

Illustrated notes

Levels and vault maps discovered:
D:1:      dpeg_arrival_three_same_balls, layout_loops_ring,
          shapermc_ecumenical_altar_rom_forum
D:2:      layout_rooms, ebering_dispersal_statue_hall, serial_park_tiny_1

Skill      XL: |  1  2  3 |
---------------+----------+-----
Spellcasting   | 2 |  2.0
Armour         | 1 |  1.7
Conjurations   | 4 |  4.0
Dodging        | 2 |  2.0
Fire Magic     | 1 |  1.2
Stealth        | |  1.4

Action                     || total
---------------------------++-------
  Melee: Unarmed           ||    21
         Dagger            ||   101
   Cast: Magic Dart        ||    78
 Armour: Scale mail        ||    75
         Plate armour      ||   102
  Dodge: Dodged            ||    42

Table legend: (Time is in decaauts)
 A = Elapsed time spent in this place.
 B = Non-inter-level travel time spent in this place.
 C = Inter-level travel time spent in this place.
 D = Time resting spent in this place.
 E = Time spent auto-exploring this place.
 F = Levels seen in this place.
 G = Mean time per level.
                   A        B        C        D        E       F      G
               +--------+--------+--------+--------+--------+-----+--------+
         Total |   1726 |   1673 |     53 |    267 |   1041 |   2 |  863.0 |
       Dungeon |   1726 |   1673 |     53 |    267 |   1041 |   2 |  863.0 |
               +--------+--------+--------+--------+--------+-----+--------+

Top non-repeatable levels by time:
     D:1: 1320 daAuts
     D:2: 406 daAuts
